 Dungeon Crawl Stone Soup version 0.18-a0-30-g52c0daa (webtiles) character file.

7097 TruthSerum the Fighter (level 11, -21/123 HPs)
             Began as an Ogre Berserker on Nov 5, 2015.
             Was a High Priest of Trog.
             Demolished by a komodo dragon (34 damage)
             ... on level 1 of the Lair of Beasts.
             The game lasted 00:39:22 (11391 turns).

TruthSerum the Fighter (Ogre Berserker)            Turns: 11391, Time: 00:39:22

Health: -21/123    AC:  3    Str: 26      XL:     11   Next: 9%
Magic:  3/11       EV: 13    Int:  6      God:    Trog [*****.]
Gold:   825        SH:  0    Dex: 13 (14) Spells: 0 memorised, 10 levels left

rFire  . . .     SeeInvis .     a - +4 giant spiked club
rCold  . . .     Clarity  .     F - +0 animal skin
rNeg   . . .     SustAt   .     (shield currently unavailable)
rPois  .         Gourm    .     (helmet restricted)
rElec  .         Spirit   .     (no cloak)
rCorr  .         Warding  .     (gloves unavailable)
rMut   .         Stasis   .     (boots unavailable)
MR     ++...                    (no amulet)
Stlth  +.........               (no ring)
                                t - ring of protection from magic

@: very resistant to hostile enchantments, very unstealthy
A: unfitting armour, agile 1, deterioration 1, strong 1, tough skin 1
a: Berserk, Trog's Hand, Brothers in Arms, Burn Spellbooks, Renounce Religion


You were on level 1 of the Lair of Beasts.
You worshipped Trog.
Trog was extremely pleased with you.
You were not hungry.

You visited 2 branches of the dungeon, and saw 10 of its levels.
You also visited: Ossuary and Bailey.

You collected 825 gold pieces.

Inventory:

Hand Weapons
 a - a +4 giant spiked club (weapon)
 b - a +2 antimagic great mace
Missiles
 z - 29 tomahawks of returning (quivered)
Armour
 F - a +0 animal skin (worn)
Jewellery
 t - a ring of protection from magic (left hand)
 x - an uncursed ring of fire
 C - an uncursed ring of see invisible {unknown}
Wands
 m - a wand of paralysis (10)
 n - a wand of enslavement (8)
 s - a wand of lightning (2)
 y - a wand of lightning (6)
Scrolls
 f - a scroll of magic mapping
 l - 4 scrolls of teleportation
 r - a scroll of identify
 v - 2 scrolls of remove curse
 A - a scroll of silence {unknown}
 B - a scroll of blinking {unknown}
 D - a scroll of brand weapon {unknown}
Potions
 e - 5 potions of curing
 g - a potion of haste
 h - a potion of degeneration {unknown}
 i - 2 potions of cancellation
 j - 2 potions of might
 k - 2 potions of brilliance
 o - 2 potions of berserk rage {unknown}
 p - 2 potions of agility
 u - a potion of invisibility
 w - a potion of lignification {unknown}
Comestibles
 c - 8 bread rations
 d - 3 meat rations
 q - 2 beef jerkies
 E - a chunk of flesh


   Skills:
 + Level 12.2 Fighting
 + Level 12.2 Maces & Flails
 + Level 2.8 Throwing
 - Level 6.2 Armour
 - Level 6.9 Dodging


You had 10 spell levels left.
You didn't know any spells.

Dungeon Overview and Level Annotations

Branches:
Dungeon (9/15)             Temple (0/1) D:5            Lair (1/8) D:9
    Orc: D:9-12

Altars:
Dithmenos
Elyvilon
Gozag
Kikubaaqudgha
Qazlal
Ru
Sif Muna
Trog
Yredelemnul


Innate Abilities, Weirdness & Mutations

You are too large for most types of armour.
You have tough skin (AC +1).
You are agile. (Dex +2)
Your body sometimes deteriorates upon taking damage.
Your muscles are strong. (Str +2)


Message History

a - a +4 giant spiked club (weapon)
The komodo dragon hisses angrily. x2
You skewer the komodo dragon like a kebab!!!
The komodo dragon is almost dead.
The komodo dragon bites you!! The komodo dragon bites you!
You bludgeon the komodo dragon!!
You kill the komodo dragon!
Trog accepts your kill.
You feel your dexterity returning.
You hear the slow rumble of a distant avalanche of rocks.
You puncture the komodo dragon!
The komodo dragon is moderately wounded.
The komodo dragon bites you!!
Your body deteriorates!
You feel clumsy.
You bludgeon the komodo dragon!!
The komodo dragon is severely wounded.
The komodo dragon bites you!!
* * * LOW HITPOINT WARNING * * *
The komodo dragon bites you!!
You die...

#. #..#.##.... #.
#.[<......# ##.
#..........
#P.##.########.
#..P...####..
#PPP.####.... ## ##....#
....#(####
#....#####.#ll..[#
#.....%..#..@P...#
#........##..###.##### ##
..##..#...#....#..P.##...#
#..>..##....##.......#
#..######......P....## #S.
#########.### #.# ... #.
.P..# ##..#


You could see 2 komodo dragons.

Vanquished Creatures
  Erica (D:8)
  An orc knight (Bailey)
  A komodo dragon (Lair:1)
  A deep elf mage (D:8)
  A spriggan (D:7)
  The ghost of Ace the Skirmisher, an amateur HOFi (D:3)
  The ghost of Ace the Chiller, an amateur DrIE (D:5)
  A deep elf fighter (D:9)
  A hippogriff (Lair:1)
  A mottled dragon (D:8)
  2 water moccasins
  5 orc warriors
  A sky beast (D:7)
  A porcupine (Lair:1)
  7 ogres
  A necrophage (D:6)
  A phantom (D:4)
  3 centaurs
  A crocodile (D:9)
  An ice beast (D:7)
  2 elf zombies (Ossuary)
  A gnoll sergeant (D:5)
  2 giant frogs
  4 scorpions
  5 wights (D:6)
  6 killer bees (D:7)
  6 crimson imps
  2 giant frog zombies
  8 hounds
  A centaur zombie (Ossuary)
  An orc priest (D:8)
  Ijyb (D:3)
  2 jellies
  A centaur skeleton (D:7)
  A giant frog skeleton (D:9)
  8 worker ants
  Jessica (D:3)
  6 orc wizards
  2 human zombies (Ossuary)
  4 iguanas
  A killer bee zombie (D:7)
  2 big kobold zombies (Ossuary)
  2 hound zombies (Ossuary)
  A worker ant zombie (D:7)
  3 mummies (Ossuary)
  12 adders
  5 gnolls (D:5)
  A river rat (D:9)
  3 shadow imps
  3 oozes
  7 adder zombies
  6 worms
  5 giant geckos
  25 orcs
  18 bats
  8 giant cockroaches
  16 goblins
  9 hobgoblins
  A ball python (D:2)
  3 giant newts
  2 hobgoblin zombies (Ossuary)
  10 jackals
  6 jackal zombies
  12 kobolds
  5 kobold zombies (Ossuary)
  An orc zombie (Ossuary)
  5 quokkas
  3 quokka zombies (Ossuary)
  24 rats
  6 rat zombies (Ossuary)
302 creatures vanquished.

Notes
Turn   | Place    | Note
--------------------------------------------------------------
     0 | D:1      | TruthSerum the Ogre Berserker began the quest for the Orb.
     0 | D:1      | Reached XP level 1. HP: 24/24 MP: 1/1
   301 | D:1      | Reached XP level 2. HP: 24/33 MP: 2/2
   682 | D:2      | Reached XP level 3. HP: 32/40 MP: 3/3
   784 | D:2      | Found a white marble altar of Elyvilon.
   878 | D:2      | Found an opulent altar of Gozag.
   879 | D:2      | Found a stormy altar of Qazlal.
   879 | D:2      | Found a bloodstained altar of Trog.
  1180 | D:2      | Reached XP level 4. HP: 34/49 MP: 4/4
  1218 | D:2      | Reached ** piety under Trog
  1384 | D:2      | Reached skill level 5 in Maces & Flails
  1470 | D:2      | Reached skill level 5 in Fighting
  1740 | D:3      | Noticed Jessica
  1752 | D:3      | Killed Jessica
  1765 | D:3      | Noticed Ijyb
  1791 | D:3      | Killed Ijyb
  1791 | D:3      | Reached XP level 5. HP: 20/57 MP: 5/5
  2001 | D:3      | Noticed Ace's ghost (amateur HOFi)
  2012 | D:3      | Killed Ace's ghost
  2012 | D:3      | Reached skill level 6 in Fighting
  2012 | D:3      | Reached XP level 6. HP: 67/67 MP: 6/6
  2664 | D:3      | Reached *** piety under Trog
  2750 | D:4      | Found a sand-covered staircase.
  2760 | Ossuary  | Entered an ossuary
  2823 | Ossuary  | Reached skill level 1 in Armour
  3072 | Ossuary  | Reached XP level 7. HP: 73/76 MP: 7/7
  3261 | Ossuary  | HP: 1/114 [elf zombie (5)]
  3263 | Ossuary  | Reached skill level 7 in Fighting
  4432 | D:4      | Reached skill level 8 in Fighting
  4432 | D:4      | Reached XP level 8. HP: 82/88 MP: 8/8
  5144 | D:5      | Entered Level 5 of the Dungeon
  5323 | D:5      | Noticed Ace's ghost (amateur DrIE)
  5339 | D:5      | Killed Ace's ghost
  5339 | D:5      | Reached skill level 9 in Maces & Flails
  5367 | D:5      | Found a staircase to the Ecumenical Temple.
  5726 | D:5      | Found a basalt altar of Yredelemnul.
  5965 | D:5      | Gained mutation: You are agile. (Dex +2) [potion of mutation]
  5965 | D:5      | Gained mutation: Your body sometimes deteriorates upon taking damage. [potion of mutation]
  5965 | D:5      | Gained mutation: Your muscles are strong. (Str +2) [potion of mutation]
  6219 | D:5      | Reached XP level 9. HP: 60/98 MP: 9/9
  6612 | D:6      | Reached **** piety under Trog
  6858 | D:6      | Reached skill level 5 in Dodging
  7129 | D:7      | Reached skill level 10 in Fighting
  7158 | D:7      | Reached skill level 10 in Maces & Flails
  7870 | D:7      | Found a deep blue altar of Sif Muna.
  7880 | D:7      | Found an ancient bone altar of Kikubaaqudgha.
  7929 | D:7      | Reached skill level 5 in Armour
  8428 | D:7      | Reached XP level 10. HP: 111/111 MP: 10/10
  8507 | D:7      | Reached ***** piety under Trog
  8562 | D:8      | Found a sacrificial altar of Ru.
  8636 | D:8      | Noticed Erica
  8647 | D:8      | Killed Erica
  8647 | D:8      | Reached skill level 11 in Fighting
  9365 | D:8      | Found a shadowy altar of Dithmenos.
 10349 | D:9      | Found a flagged portal.
 10366 | Bailey   | Entered a bailey
 10507 | Bailey   | Noticed an orc knight
 10515 | Bailey   | Killed an orc knight
 10585 | Bailey   | Found an iron altar of Okawaru.
 10984 | D:9      | Reached skill level 1 in Throwing
 11034 | D:9      | Found a white marble altar of Elyvilon.
 11086 | D:9      | Found a staircase to the Lair.
 11132 | D:9      | Reached skill level 12 in Fighting
 11132 | D:9      | Reached XP level 11. HP: 74/123 MP: 11/11
 11340 | Lair:1   | Entered Level 1 of the Lair of Beasts
 11377 | Lair:1   | Received a gift from Trog
 11391 | Lair:1   | Demolished by a komodo dragon

Vault maps used:
D:1:      minmay_arrival_open_corners
D:2:      grunt_temple_overflow_open, serial_park_tiny_1
D:3:      kennysheep_the_goblin_king, first_bread, uniq_jessica
D:4:      nicolae_ossuary_entry_monument, kennysheep_generic_room_15
D:5:      temple_pool_b, serial_corexii_hall, corexii_hall_statues_t,
          corexii_hall_statues_l, yredelemnul_altar_generic
D:7:      amethyst_overflow_temple_binary, the_bakery, minmay_holes
D:8:      nicolae_ru_sacrificial_ziggurat, grunt_dithmenos_smoke, uniq_erica
D:9:      grunt_lair_entry_elf_guard_hut, enter_bailey_3, elyvilon_altar_4
Lair:1:   beast_lair_carwin_large_3, special_room, enter_volcano_1, tgw_fedhas
Ossuary:  minmay_ossuary_two_tombs
Bailey:   bailey_axe_3, bailey

Action                   |  1- 3 |  4- 6 |  7- 9 | 10-12 || total
-------------------------+-------+-------+-------+-------++-------
Melee: Mace              |   117 |   219 |   133 |       ||   469
       Flail             |       |       |    25 |       ||    25
       Giant spiked club |       |       |   233 |   226 ||   459
Invok: Berserk           |       |     2 |     3 |     1 ||     6
       Burn Spellbooks   |       |     1 |     1 |       ||     2
  Use: Scroll            |       |     7 |    14 |       ||    21
       Potion            |       |       |     3 |       ||     3
 Stab: Sleeping          |     1 |     1 |     5 |       ||     7
  Eat: Chunk             |     1 |     6 |    14 |    11 ||    32
       Fruit             |       |     3 |     1 |       ||     4
       Beef jerky        |       |       |     1 |       ||     1
       Bread ration      |       |       |     1 |       ||     1
